 Dungeon Crawl Stone Soup version 0.27.0-1-g7a089689b8 (webtiles) character file.

Game seed: 6812149770235419935

20216 EnegeticOcto the Cleaver (level 12, -23/108 HPs)
             Began as a Minotaur Fighter on Aug 5, 2021.
             Was a High Priest of Okawaru.
             Killed from afar by a tengu conjurer (31 damage)
             ... with a bolt of lightning
             ... led by a tengu conjurer
             ... on level 13 of the Dungeon.
             The game lasted 00:07:22 (15851 turns).

EnegeticOcto the Cleaver (Minotaur Fighter)        Turns: 15851, Time: 00:07:22

Health: -23/108    AC: 20    Str: 26    XL:     12   Next: 43%
Magic:  15/17      EV: 13    Int:  5    God:    Okawaru [*****.]
Gold:   883        SH: 21    Dex: 10    Spells: 11/11 levels left

rFire    . . .     SeeInvis +   a - +0 war axe
rCold    + . .     Faith    .   G - +0 tower shield
rNeg     . . .     Spirit   .   y - +5 chain mail {rC+}
rPois    +         Reflect  .   (helmet restricted)
rElec    .         Harm     .   m - +0 cloak
rCorr    .         Rampage  .   (no gloves)
Will     .....                  (no boots)
Stlth    ..........             (no amulet)
HPRegen  0.28/turn              p - +4 ring of evasion
MPRegen  0.15/turn              I - ring "Foebb" {rPois SInv}

@: heroic
A: horns 2, retaliatory headbutt
a: Renounce Religion, Heroism, Finesse


You were on level 13 of the Dungeon.
You worshipped Okawaru.
Okawaru was extremely pleased with you.
You visited 2 branches of the dungeon, and saw 14 of its levels.

You collected 883 gold pieces.

Inventory:

Hand Weapons
 a - a +0 war axe (weapon)
 l - a +4 dagger of distortion
Missiles
 n - 6 throwing nets (quivered)
Armour
 c - a +0 kite shield
 g - a +0 plate armour
 m - a +0 cloak (worn)
 y - a +5 chain mail of cold resistance (worn)
 G - a +0 tower shield (worn)
 K - the +2 kite shield "Doiz" {Will+ Str+4}
   (Okawaru gifted it to you on level 12 of the Dungeon)

   Str:       It affects your strength (+4).
   Will:      It increases your willpower.
Jewellery
 e - a +6 ring of dexterity
 i - a ring of wizardry
 p - a +4 ring of evasion (left hand)
 s - a ring of resist corrosion
 t - a +6 ring of strength
 v - a ring of protection from cold
 I - the ring "Foebb" (right hand) {rPois SInv}
   (You found it on level 12 of the Dungeon)

   [ring of poison resistance]

   rPois:     It protects you from poison.
   SInv:      It lets you see invisible.
Wands
 k - a wand of polymorph (8)
 q - a wand of acid (5) {@v1}
 F - a wand of iceblast (14) {@v2}
 J - a wand of mindburst (4)
Scrolls
 b - 3 scrolls of teleportation {@r3}
 o - 3 scrolls of immolation
 B - a scroll of magic mapping {@r5}
 C - 2 scrolls of fear
 H - a scroll of identify {@r1}
Potions
 d - 2 potions of might {@q3}
 f - a potion of attraction
 h - 4 potions of heal wounds {@q2}
 j - a potion of invisibility
 r - a potion of flight {unknown}
 u - a potion of ambrosia
 w - 2 potions of magic {unknown}
 x - 2 potions of haste {unknown}
 z - 4 potions of curing {unknown}
 D - a potion of experience {unknown}
 E - a potion of cancellation {unknown}
Miscellaneous
 A - a box of beasts


   Skills:
 + Level 10.8(15.8) Fighting
 * Level 14.2(19.2) Axes
 + Level 10.8(15.8) Armour
 * Level 11.0(16.0) Shields
 - Level 8.0 Invocations


You had 11 spell levels left.
You didn't know any spells.
Your spell library was empty.

Dungeon Overview and Level Annotations

Branches:
Dungeon (13/15)            Temple (1/1) D:4            Lair (0/6) D:10
    Orc (0/2) D:11
 Vaults: D:13-14

Altars:
Ashenzari
Cheibriados
Dithmenos
Elyvilon
Fedhas
Gozag
Hepliaklqana
Kikubaaqudgha
Makhleb
Nemelex Xobeh
Okawaru
Qazlal
Ru
Sif Muna
Trog
Uskayaw
Vehumet
Xom
Yredelemnul
Zin
The Shining One

Shops:
D:1 !   D:7 (


Innate Abilities, Weirdness & Mutations

You have a pair of horns on your head.
You reflexively headbutt those who attack you in melee.


Message History

The tengu conjurer claws you but does no damage.
Your shield prevents you from hitting the tengu conjurer.
Your headbutt misses the tengu conjurer.
The tengu conjurer is moderately wounded.
You hit the tengu conjurer.
The tengu conjurer hits you but does no damage.
The tengu conjurer pecks you but does no damage.
The tengu conjurer claws you but does no damage.
You block the tengu conjurer's attack. The tengu conjurer closely misses you.
You block the tengu conjurer's attack.
You miss the tengu conjurer.
Your headbutt misses the tengu conjurer.
The tengu conjurer is moderately wounded.
You closely miss the tengu conjurer. You block the tengu conjurer's attack.
The tengu conjurer pecks you but does no damage.
You block the tengu conjurer's attack. The tengu conjurer barely misses you.
The tengu conjurer completely misses you.
The tengu conjurer claws you but does no damage.
You hit the tengu conjurer.
Your headbutt misses the tengu conjurer.
The tengu conjurer is heavily wounded.
You miss the tengu conjurer.
You block the tengu conjurer's attack. x3
The tengu conjurer hits you.
The tengu conjurer pecks you but does no damage.
The tengu conjurer closely misses you.
The tengu conjurer hits you but does no damage.
The tengu conjurer pecks you.
The tengu conjurer claws you but does no damage.
The tengu conjurer points at you and mumbles some strange words.
The bolt of lightning hits you!
You slash the tengu conjurer!
The tengu conjurer is severely wounded.
You slash the tengu conjurer! You block the tengu conjurer's attack.
The tengu conjurer pecks you but does no damage.
The tengu conjurer claws you but does no damage.
The tengu conjurer points at you and mumbles some strange words.
The bolt of lightning misses you.
You miss the tengu conjurer.
The tengu conjurer is severely wounded.
You slash the tengu conjurer! The tengu conjurer barely misses you.
The tengu conjurer closely misses you. You block the tengu conjurer's attack.
The tengu conjurer hits you but does no damage.
You block the tengu conjurer's attack. x2
You barely miss the tengu conjurer.
Your headbutt misses the tengu conjurer.
The tengu conjurer is almost dead.
You hit the tengu conjurer.
The tengu conjurer casts a spell at you.
The bolt of lightning hits you!
The tengu conjurer gestures wildly while chanting.
The tengu conjurer conjures a globe of magical energy!
A battlesphere comes into view.
You completely miss the tengu conjurer.
Your headbutt misses the tengu conjurer.
The tengu conjurer is almost dead.
You closely miss the tengu conjurer. You slash the battlesphere!
The tengu conjurer points at you and mumbles some strange words.
The bolt of lightning hits you!
* * * LOW HITPOINT WARNING * * *
You block the tengu conjurer's attack. The tengu conjurer barely misses you.
The tengu conjurer claws you.
* * * LOW HITPOINT WARNING * * *
You are too injured to fight recklessly!
You are too injured to fight recklessly!
You are too injured to fight recklessly!
You are too injured to fight recklessly!
You are too injured to fight recklessly!
You are too injured to fight recklessly!
You are too injured to fight recklessly!
You are too injured to fight recklessly!
You are too injured to fight recklessly!
You are too injured to fight recklessly!
You are too injured to fight recklessly!
You are too injured to fight recklessly!
You gain the combat prowess of a mighty hero.
The tengu conjurer gestures at you while chanting.
The bolt of lightning hits you!!
* * * LOW HITPOINT WARNING * * *
You block the tengu conjurer's attack. x2
The tengu conjurer claws you but does no damage.
You hit the tengu conjurer.
Your headbutt misses the tengu conjurer.
The tengu conjurer is almost dead.
You closely miss the tengu conjurer.
The tengu conjurer mumbles some strange words.
The tengu conjurer blinks!
The tengu conjurer hits you but does no damage.
You block the tengu conjurer's attack.
The tengu conjurer claws you but does no damage.
You hit the tengu conjurer.
The tengu conjurer is almost dead.
The tengu conjurer gestures wildly while chanting.
The tengu conjurer blinks!
You chop the tengu conjurer into pieces!!!
You kill the tengu conjurer!
Okawaru accepts your kill.
The battlesphere dissipates.
The tengu conjurer points at you and mumbles some strange words.
The bolt of lightning hits you!!
You die...

. .......# ≈≈≈....#
#≈....#############
##≈................#
#≈≈.............*..#
#≈≈.............Q..#
#≈≈................#
##≈.............@§.#
##≈....######....§......
≈≈≈....# #......○....
.......# #...........
.......# +...........
.......### #.......!...
.......... ..[...######
.......... .......#
..###+#....


You could see a tengu conjurer and a battlesphere.

Vanquished Creatures
  Josephine (D:11)
  A boulder beetle (D:6)
  A hydra (D:11)
  An ice dragon (D:12)
  A centaur warrior (D:13)
  3 two-headed ogres (D:10)
  A deep elf pyromancer (D:12)
  An orc knight (D:13)
  A manticore (D:11)
  3 cyclopes (D:12)
  Joseph (D:7)
  2 unseen horrors
  5 kobold demonologists
  Psyche (D:9)
  A tengu conjurer (D:13)
  A troll (D:13)
  Prince Ribbit (D:5)
  A hornet (D:7)
  2 polar bears (D:12)
  5 slime creatures (D:12)
  5 wraiths (D:11)
  3 yaks (D:12)
  A wyvern (D:9)
  6 humans (D:7)
  2 steam dragons
  2 acid dragons
  2 water moccasins
  5 black bears
  5 orc warriors
  An ice beast (D:5)
  A wolf (D:12)
  11 centaurs
  An ogre (D:7)
  A phantom (D:5)
  5 kobold brigands
  4 bullfrogs
  6 gnoll sergeants
  2 scorpions
  6 howler monkeys
  An electric eel (D:13)
  A crimson imp (D:8)
  4 centaur zombies
  5 jellies
  3 orc priests
  Crazy Yiuf (D:5)
  2 gnoll shamans (D:5)
  12 hounds
  A bullfrog skeleton (D:5)
  10 orc wizards
  A howler monkey zombie (D:7)
  30 gnolls
  9 adders
  A river rat (D:3)
  2 white imps
  3 worms (D:3)
  A dart slug (D:1)
  28 orcs
  8 ball pythons
  8 bats
  16 endoplasms
  3 giant cockroaches
  4 goblins
  6 hobgoblins
  7 jackals
  4 quokkas
  A frilled lizard (D:3)
  17 kobolds
  6 rats
298 creatures vanquished.

Vanquished Creatures (collateral kills)
  A two-headed ogre (D:11)
  A water moccasin (D:10)
  2 bullfrogs (D:10)
  2 scorpions (D:10)
6 creatures vanquished.

Vanquished Creatures (others)
  An orc wizard (D:8)
  29 fungi
  13 plants (D:10)
  11 toadstools (D:3)
54 creatures vanquished.

Grand Total: 358 creatures vanquished

Notes
Turn   | Place    | Note
-------+----------+-------------------------------------------
     0 | D:1      | EnegeticOcto the Minotaur Fighter began the quest for the
                  | Orb.
     0 | D:1      | Reached XP level 1. HP: 19/19 MP: 0/0
   144 | D:1      | Reached XP level 2. HP: 27/27 MP: 1/1
   164 | D:1      | Found Efengoff's Distillery.
   191 | D:1      | Reached skill level 3 in Axes
   492 | D:1      | Reached XP level 3. HP: 33/33 MP: 2/2
   685 | D:1      | Found a faded altar of an unknown god.
  1475 | D:2      | Found a bloodstained altar of Trog.
  1760 | D:3      | Reached skill level 4 in Axes
  1760 | D:3      | Reached XP level 4. HP: 25/40 MP: 3/3
  2157 | D:3      | Reached XP level 5. HP: 39/46 MP: 4/4
  2670 | D:3      | Reached skill level 5 in Axes
  2943 | D:3      | Reached XP level 6. HP: 44/53 MP: 5/5
  3561 | D:4      | Reached skill level 5 in Armour
  3562 | D:4      | Reached skill level 5 in Shields
  3567 | D:4      | Reached skill level 5 in Fighting
  3967 | D:4      | Found a staircase to the Ecumenical Temple.
  3978 | Temple   | Entered the Ecumenical Temple
  4029 | Temple   | Became a worshipper of Warmaster Okawaru
  4113 | D:4      | Reached skill level 6 in Axes
  4433 | D:5      | Entered Level 5 of the Dungeon
  4435 | D:5      | Noticed an ice beast
  4442 | D:5      | Killed an ice beast
  4443 | D:5      | Reached XP level 7. HP: 28/61 MP: 6/6
  4449 | D:5      | Reached * piety under Okawaru
  4450 | D:5      | Reached skill level 1 in Invocations
  4833 | D:5      | Reached skill level 7 in Axes
  4940 | D:5      | Noticed Prince Ribbit
  4981 | D:5      | Killed Prince Ribbit
  4982 | D:5      | Reached XP level 8. HP: 17/70 MP: 5/8
  5277 | D:5      | Reached ** piety under Okawaru
  5520 | D:5      | Reached skill level 8 in Axes
  5886 | D:5      | Found a runed translucent door.
  5887 | D:5      | Noticed Crazy Yiuf
  6261 | D:5      | Killed Crazy Yiuf
  6327 | D:6      | Reached XP level 9. HP: 74/78 MP: 10/10
  6399 | D:6      | Noticed a kobold demonologist
  6411 | D:6      | Noticed an orange demon
  6412 | D:6      | Noticed a hellwing
  6414 | D:6      | Killed a kobold demonologist
  6415 | D:6      | Reached skill level 9 in Axes
  6464 | D:6      | Found a sparkling altar of Nemelex Xobeh.
  6604 | D:6      | Noticed a boulder beetle
  6638 | D:6      | Killed a boulder beetle
  6638 | D:6      | Reached *** piety under Okawaru
  6639 | D:6      | Reached skill level 10 in Axes
  7028 | D:7      | Found a broken altar of Ashenzari.
  7262 | D:7      | Noticed Joseph
  7267 | D:7      | Found a white marble altar of Elyvilon.
  7275 | D:7      | Killed Joseph
  7275 | D:7      | Reached **** piety under Okawaru
  7453 | D:7      | Reached XP level 10. HP: 75/88 MP: 12/12
  7750 | D:7      | Reached skill level 5 in Invocations
  7826 | D:7      | Found Foanabut's Antique Weapon Boutique.
  8052 | D:7      | Reached skill level 11 in Axes
  8341 | D:8      | Found a burning altar of Makhleb.
  8342 | D:8      | Found a radiant altar of Vehumet.
  8549 | D:8      | Found a bloodstained altar of Trog.
  8966 | D:8      | Found a glowing silver altar of Zin.
  9771 | D:9      | Noticed Psyche
  9788 | D:9      | Killed Psyche
  9855 | D:9      | Found a sacrificial altar of Ru.
 10406 | D:10     | Entered Level 10 of the Dungeon
 10406 | D:10     | Noticed a two-headed ogre
 10412 | D:10     | Killed a two-headed ogre
 10578 | D:10     | Found a staircase to the Lair.
 10583 | D:10     | Reached skill level 12 in Axes
 10583 | D:10     | Reached ***** piety under Okawaru
 10592 | D:10     | Reached XP level 11. HP: 93/97 MP: 12/14
 10660 | D:10     | Noticed a two-headed ogre
 10667 | D:10     | Killed a two-headed ogre
 10772 | D:10     | Noticed a two-headed ogre
 10779 | D:10     | Killed a two-headed ogre
 11116 | D:10     | Found a hazy altar of Hepliaklqana.
 11968 | D:11     | Received a gift from Okawaru
 12314 | D:11     | Noticed a two-headed ogre
 12314 | D:11     | Noticed an eight-headed hydra
 12332 | D:11     | Killed a ten-headed hydra
 12333 | D:11     | Killed a two-headed ogre
 12681 | D:11     | Found a staircase to the Orcish Mines.
 12697 | D:11     | Found an ancient bone altar of Kikubaaqudgha.
 13076 | D:11     | Noticed Josephine
 13091 | D:11     | Killed Josephine
 13099 | D:11     | Reached skill level 13 in Axes
 13099 | D:11     | Reached skill level 10 in Shields
 13107 | D:11     | Reached skill level 10 in Armour
 13435 | D:12     | Reached skill level 10 in Fighting
 14033 | D:12     | Identified the ring "Foebb" {rPois SInv}
 14061 | D:12     | Noticed a deep elf pyromancer
 14066 | D:12     | Killed a deep elf pyromancer
 14368 | D:12     | Reached XP level 12. HP: 100/106 MP: 16/16
 14455 | D:12     | Noticed an ice dragon
 14485 | D:12     | Killed an ice dragon
 14489 | D:12     | Identified the +2 kite shield "Doiz" {Will+ Str+4} (Okawaru
                  | gifted it to you on level 12 of the Dungeon)
 14489 | D:12     | Received a gift from Okawaru
 14955 | D:13     | Noticed a centaur warrior
 14965 | D:13     | Reached skill level 14 in Axes
 14967 | D:13     | Killed a centaur warrior
 15851 | D:13     | Killed from afar by a tengu conjurer

Illustrated notes

Levels and vault maps discovered:
D:1:      erik_arrival_cave_to_civilisation [erik_arrival_cave_to_hall],
          layout_basic, shapermc_ecumenical_altar_ellora, serial_shops, shop
D:2:      layout_loops_cross, basic_altar
D:3:      cheibrodos_fertilizer, layout_loops_ring, gup_sewer_entry_spiral
D:4:      layout_loops_ring, minmay_temple_entry_waves,
          corexii_item_surrounded_by_moat
D:5:      layout_cave_pools, serial_gnoll_camp, gnoll_camp_mini_hut,
          gnoll_camp_mini_doghouse, gnoll_camp_mini_house,
          gnoll_camp_mini_basic, gnoll_camp_medium_02, minmay_misc_feat_tiny,
          st_stairs_10, hangedman_glass_teeth, uniq_crazy_yiuf_cottage,
          uniq_prince_ribbit1
D:6:      layout_basic, lemuel_tele_altar
D:7:      layout_basic, amcnicky_altar_gilded,
          mainiacjoe_overflow_concentric_impassable, serial_shops, shop,
          minmay_ruffians, uniq_joseph
D:8:      layout_loops_corners, grunt_temple_overflow_lords_of_destruction,
          kennysheep_little_box, zin_scriptorium
D:9:      layout_loops_ring, nicolae_overflow_hidden_temple, uniq_psyche
D:10:     layout_basic, nzn_hepliaklqana_mist_gate, due_lair_maze_entry_diamond,
          serial_curves, eino_curves_02, eino_curves_04
D:11:     layout_loops_corners, orc_0_dummy,
          nicolae_kikubaaqudgha_miasma_corner, uniq_josephine
D:12:     layout_rooms, portal_ice_cave_entry_animals_and_master
D:13:     layout_gridville, lightli_minifort
Temple:   dshaligram_water_room_temple

Skill      XL: |  1  2  3  4  5  6  7  8  9 10 11 12 |
---------------+-------------------------------------+-----
Axes           | 3 4 5 6 7 8 10 12 13 14 | 14.2
Armour         | 4 5 6 7 8 9 10 | 10.8
Shields        | 4 5 6 8 9 10 11 | 11.0
Fighting       | 4 5 6 8 9 10 | 10.8
Invocations    | 2 3 4 6 7 8 |  8.0

Action                   |  1- 3 |  4- 6 |  7- 9 | 10-12 || total
-------------------------+-------+-------+-------+-------++-------
Melee: War axe           |    83 |   128 |   241 |   553 ||  1005
       Headbutt          |    11 |    21 |    50 |   130 ||   212
Throw: Throwing net      |       |       |       |     1 ||     1
Invok: Heroism           |       |       |     5 |    11 ||    16
       Finesse           |       |       |       |     1 ||     1
Evoke: Wand              |       |       |       |     2 ||     2
  Use: Scroll            |       |    11 |     3 |     9 ||    23
Armor: Scale mail        |    52 |    49 |    27 |       ||   128
       Plate armour      |       |       |   111 |   105 ||   216
       Chain mail        |       |       |       |   144 ||   144
Dodge: Dodged            |    25 |    84 |   132 |   220 ||   461
Block: Kite shield       |    54 |    90 |   159 |   296 ||   599
       Tower shield      |       |       |       |    62 ||    62
